 Dungeon Crawl Stone Soup version 0.14-a0-1663-g0b35444 (webtiles) character file.

206 4tharraofdagon the Firebug (level 5, 0/42 HPs)
             Began as a Naga Fire Elementalist on Dec 30, 2013.
             Was a Follower of Cheibriados.
             Slain by an adder zombie (4 damage)
             ... in an ossuary.
             The game lasted 00:04:22 (511 turns).

4tharraofdagon the Firebug (Naga Fire Elementalist)  Turns: 511, Time: 00:04:23

HP   0/42        AC  2     Str 12      XL: 5   Next: 51%
MP   3/9         EV 10     Int 19      God: Cheibriados [*.....]
Gold 35          SH  0     Dex 13      Spells:  2 memorised,  5 levels left

rFire  . . .     SeeInvis +     d - 2 scrolls of enchant weapon II {unknown}
rCold  . . .     Clarity  .     a - +0 robe
rNeg   . . .     Conserve .     (no shield)
rPois  +         rCorr    .     (no helmet)
rElec  .         rRot     .     (no cloak)
SustAb . .       Spirit   .     (no gloves)
rMut   .         Warding  .     (no barding)
Saprov . . .     Stasis   .     (no amulet)
                                (no ring)
                                (no ring)

@: very slow, slightly resistant to hostile enchantments, stealthy
A: spit poison, see invisible, deformed body, poison resistance, slowness 2, AC
+1
a: Spit Poison, Bend Time, Renounce Religion


You were in an ossuary.
You worshipped Cheibriados.
Cheibriados was aware of your devotion.
You were hungry.

You visited 2 branches of the dungeon, and saw 7 of its levels.
You also visited: Ossuary.

You collected 35 gold pieces.

Inventory:

Hand weapons
 h - a +2,+1 trident of piercing
 i - a +3,+3 dwarven dagger
 k - a +0 orcish blowgun
Missiles
 l - 3 poisoned needles
Armour
 a - a +0 robe (worn)
Comestibles
 c - a bread ration
 o - 3 rotting chunks of worker ant flesh
Scrolls
 d - 2 scrolls of enchant weapon II (in hand) {unknown}
 e - a scroll of fear {unknown}
 f - 2 scrolls of identify {unknown}
 g - a scroll of blinking {unknown}
 j - a scroll of enchant armour {unknown}
Potions
 m - 2 potions of curing {unknown}
 n - a potion of resistance {unknown}
Books
 b - a book of Flames

   Spells                             Type                      Level
   *Flame Tongue                      Conjuration/Fire             1
   Throw Flame                        Conjuration/Fire             2
   *Conjure Flame                     Conjuration/Fire             3
   Inner Flame                        Hexes/Fire                   3
   Sticky Flame                       Conjuration/Fire             4
   Fireball                           Conjuration/Fire             5


   Skills:
 - Level 1.5 Dodging
 - Level 3.0 Stealth
 + Level 2.7 Spellcasting
 * Level 3.3 Conjurations
 * Level 4.4 Fire Magic


You had 5 spell levels left.
You knew the following spells:

 Your Spells              Type           Power        Failure   Level  Hunger
a - Flame Tongue          Conj/Fire      ###..        3%          1    None
b - Conjure Flame         Conj/Fire      ###.....     12%         3    ###....


Dungeon Overview and Level Annotations

Branches:
Dungeon (6/16)             Temple (1/1) D:6

Altars:
Ashenzari
Cheibriados
Elyvilon
Kikubaaqudgha
Makhleb
Nemelex Xobeh
Okawaru
Sif Muna
Trog
Yredelemnul
Zin
the Shining One


Innate Abilities, Weirdness & Mutations

You cannot wear boots.
You can spit poison.
Your serpentine skin is tough (AC +1).
You have supernaturally acute eyesight.
Armour fits poorly on your strangely shaped body.
Your system is resistant to poisons.
You cover ground very slowly.


Message History

Casting: Conjure Flame
Confirm with . or Enter, or press ? or * to list all spells.
Aiming: Flame Tongue
Press: ? - help, Shift-Dir - straight line, f - adder zombie
Aim: an adder zombie The flame hits the adder zombie.
The adder zombie bites you.
* * * LOW HITPOINT WARNING * * *
Casting: Flame Tongue
Confirm with . or Enter, or press ? or * to list all spells.
Aiming: Flame Tongue
Press: ? - help, Shift-Dir - straight line, f/p - adder zombie
Aim: an adder zombie The flame hits the adder zombie.
The adder zombie barely misses you.
Casting: Flame Tongue
Confirm with . or Enter, or press ? or * to list all spells.
Aiming: Flame Tongue
Press: ? - help, Shift-Dir - straight line, f/p - adder zombie
Aim: an adder zombie The flame hits the adder zombie.
The adder zombie bites you.
You die...

##'## #.^.#
#..^# #..^#
#.^^#
###'##########
#...'..^#....#
#...#^.^#.z..#
#...#^^^'..@.+
##############


You could see an adder zombie.

Vanquished Creatures
  A water moccasin zombie (Ossuary)
  A worker ant (D:6)
  An orc wizard (D:6)
  2 big kobold zombies (Ossuary)
  An adder (D:5)
  6 adder zombies (Ossuary)
  A giant eyeball (D:4)
  3 orcs
  A gnoll zombie (Ossuary)
  A goblin (D:6)
  A jackal (D:5)
  4 kobolds
  A bat (D:1)
  3 hobgoblin zombies (Ossuary)
  2 kobold zombies (Ossuary)
  An orc zombie (Ossuary)
  A rat (D:1)
31 creatures vanquished.

Notes
Turn   | Place    | Note
--------------------------------------------------------------
     0 | D:1      | 4tharraofdagon, the Naga Fire Elementalist, began the quest for the Orb.
     0 | D:1      | Reached XP level 1. HP: 15/15 MP: 3/3
   115 | D:3      | Noticed an orc priest
   141 | D:4      | Noticed a scorpion
   146 | D:4      | Reached XP level 2. HP: 22/22 MP: 4/4
   181 | D:5      | Entered Level 5 of the Dungeon
   217 | D:5      | Reached XP level 3. HP: 28/28 MP: 3/6
   233 | D:6      | Found a staircase to the Ecumenical Temple.
   241 | Temple   | Entered the Ecumenical Temple
   257 | Temple   | :(
   264 | Temple   | Became a worshipper of Cheibriados the Contemplative
   319 | D:6      | Reached skill level 4 in Fire Magic
   319 | D:6      | Reached XP level 4. HP: 21/36 MP: 1/8
   362 | D:5      | Found a sand-covered staircase.
   372 | D:5      | Learned a level 3 spell: Conjure Flame
   373 | Ossuary  | Entered an ossuary
   484 | Ossuary  | Reached XP level 5. HP: 15/42 MP: 5/9
   511 | Ossuary  | Slain by an adder zombie

Action                   |  1- 3 |  4- 6 || total
-------------------------+-------+-------++-------
Melee: Trident           |     7 |    28 ||    35
 Cast: Flame Tongue      |    13 |    11 ||    24
       Conjure Flame     |       |     3 ||     3
 Abil: Spit Poison       |    12 |       ||    12
  Use: Potion            |     3 |       ||     3
 Stab: Sleeping          |     1 |       ||     1
